Map: 카이로스 정션 - 래더

Players

Dear - Winner!

  • Race: Protoss Protoss
  • Spawn Location: 11:00

HeRoMaRinE

  • Race: Terran Terran
  • Spawn Location: 5:00

Event: IEM Season 13: Katowice (2019)

VOD

Have the link to the VOD?

Description

Time

  • Played on: Feb. 25, 2019, 7:56 a.m.
  • Length: 12:37

All games in this series

Show
View Real Time Build Order
Export as new Build Order

Dear Protoss - Winner!

Build Orders: 1 Gate Expand, Colossus Rush 

Get SALT Encoding   

  12  0:00  Probe  
  13  0:12  Probe  
  14  0:17  Pylon  
  14  0:24  Probe  
  15  0:32  Probe  
  15  0:37  Gateway  
  15  0:40  Probe  
  16  0:46  Assimilator  
  17  0:51  Probe  
  18  1:03  Probe  
  19  1:15  Probe  
  20  1:22  Nexus  
  19  1:32  Cybernetics Core  
  19  1:35  Probe  
  20  1:42  Assimilator  
  20  1:47  Probe  
  20  1:53  Pylon  
  21  1:59  Probe  
  22  2:01  Adept  
  22  2:08  Warp Gate  
  22  2:11  Probe  
  25  2:21  Stalker  
  25  2:23  Probe  
  26  2:31  Probe  
  26  2:36  Probe  
  30  2:38  Robotics Facility  
  30  2:39  Probe  
  31  2:48  Probe  
  31  2:49  Probe  
  33  2:54  Stalker  
  35  3:00  Probe x2  
  37  3:07  Gateway  
  37  3:08  Probe  
  37  3:12  Probe  
  39  3:16  Gateway, Probe  
  39  3:24  Probe  
  39  3:25  Pylon  
  39  3:26  Observer, Probe  
  42  3:32  Assimilator  
  42  3:34  Probe  
  43  3:36  Probe  
  43  3:39  Assimilator  
  45  3:43  Probe  
  45  3:47  Observer  
  48  3:48  Probe  
  48  3:51  Pylon  
  48  3:55  Probe  
  49  4:00  Probe  
  49  4:02  Robotics Bay  
  50  4:07  Probe  
  50  4:09  Observer  
  52  4:12  Probe  
  53  4:17  Forge  
  53  4:19  Twilight Council, Probe  
  54  4:27  Nexus  
  55  4:34  Pylon  
  55  4:36  Probe x2, Colossus  
  57  4:48  Probe x2  
  57  4:52  Protoss Ground Weapons Level 1  
  64  4:57  Blink  
  64  5:00  Probe x2  
  64  5:03  Extended Thermal Lance  
  66  5:08  Pylon  
  66  5:11  Pylon  
  66  5:13  Probe x2, Colossus  
  68  5:15  Sentry  
  70  5:26  Probe x2  
  72  5:32  Gateway  
  78  5:36  Gateway  
  78  5:38  Sentry  
  78  5:42  Probe x2  
  82  5:43  Probe  
  82  5:45  Zealot  
  82  5:47  Sentry  
  82  5:49  Colossus  
  87  5:50  Pylon  
  87  5:54  Probe x2  
  87  5:55  Probe  
  90  6:02  Pylon  
  90  6:06  Shield Battery  
  96  6:13  Gateway  
  96  6:16  Sentry  
  96  6:17  Zealot x2  
  102  6:21  Pylon  
  102  6:23  Photon Cannon  
  102  6:24  Shield Battery  
  102  6:27  Probe x3  
  102  6:29  Stalker  
  102  6:30  Colossus  
  107  6:34  Stalker  
  109  6:40  Pylon  
  109  6:45  Charge  
  109  6:46  Protoss Ground Armor Level 1  
  115  6:48  Zealot x3  
  115  6:51  Assimilator  
  115  6:53  Assimilator  
  115  6:54  Zealot  
  123  6:57  Pylon  
  123  7:03  Zealot  
  125  7:08  Stalker  
  125  7:10  Pylon  
  125  7:11  Stalker  
  125  7:12  Zealot  
  130  7:19  Stalker x2, Pylon  
  122  7:35  Stalker x3  
  120  7:44  Warp Prism  
  120  7:45  Stalker x2  
  120  7:46  Pylon  
  106  7:57  Stalker  
  92  8:02  Stalker x3  
  81  8:09  Gateway x2  
  81  8:13  Zealot x2, Protoss Ground Armor Level 2  
  85  8:20  Templar Archives  
  85  8:25  Zealot  
  85  8:26  Immortal, Zealot x3  
  97  8:36  Sentry  
  97  8:37  Zealot  
  101  8:47  Psionic Storm  
  101  8:49  Nexus  
  101  8:50  Zealot x4  
  109  9:05  High Templar  
  109  9:07  Pylon  
  111  9:12  Probe x2  
  111  9:13  High Templar  
  115  9:22  High Templar  
  115  9:24  Zealot x5  
  125  9:26  Probe x3  
  125  9:28  Photon Cannon  
  125  9:30  Photon Cannon, Shield Battery  
  130  9:37  High Templar  
  132  9:40  Immortal  
  136  9:48  Stalker x4  
  142  9:58  Stalker x3  
  146  10:12  Zealot x5  
  154  10:14  Protoss Ground Weapons Level 2  
  118  10:30  Stalker x3  
  110  10:36  High Templar x2  
  110  10:37  Zealot x3  
  120  10:45  Gateway  
  120  10:47  Gateway  
  120  10:55  Immortal  
  124  10:59  High Templar x2  
  124  11:00  Zealot x3  
  132  11:04  Archon  
  122  11:12  Stalker x3  
  112  11:19  Zealot  
  112  11:24  Immortal  
  112  11:25  Stalker x2  
  98  11:34  Stalker x2  
  98  11:39  Zealot x3  
  104  11:44  Assimilator  
  104  11:45  Assimilator  
  104  11:52  High Templar  
  104  11:53  Stalker x2, High Templar  
  112  11:56  Zealot  
  112  11:57  Stalker x2  
  118  12:03  Stalker x2  
  118  12:05  Zealot  
  124  12:20  Stalker x5  
  132  12:35  Archon  
Show
View Real Time Build Order
Export as new Build Order

HeRoMaRinE Terran 

Build Orders: Reaper Expand 

Get SALT Encoding   

  12  0:00  SCV  
  13  0:12  SCV  
  14  0:17  Supply Depot  
  14  0:24  SCV  
  15  0:38  SCV  
  15  0:39  Barracks  
  16  0:43  Refinery  
  16  0:50  SCV  
  17  1:02  SCV  
  18  1:15  SCV  
  19  1:30  Reaper, Orbital Command  
  20  1:41  Command Center  
  20  1:53  Supply Depot  
  20  1:56  SCV  
  21  2:02  Barracks Reactor  
  21  2:07  Refinery  
  21  2:08  SCV  
  22  2:20  Factory, SCV  
  23  2:32  SCV  
  24  2:41  Marine x2  
  26  2:44  SCV  
  27  2:55  Orbital Command  
  27  2:56  SCV  
  28  2:59  Marine x2  
  28  3:04  Starport, Factory Tech Lab  
  30  3:08  SCV  
  31  3:17  Marine x2  
  33  3:20  SCV  
  33  3:21  SCV  
  33  3:22  Siege Tank  
  38  3:27  Supply Depot  
  38  3:33  SCV x2  
  40  3:35  Refinery, Marine x2  
  42  3:42  Starport Tech Lab  
  42  3:45  SCV x2  
  44  3:51  Barracks  
  44  3:53  Marine x2  
  46  3:57  SCV x2  
  46  4:00  Raven  
  50  4:03  Supply Depot  
  50  4:09  SCV x2  
  52  4:10  Marine  
  52  4:11  Marine  
  54  4:22  Barracks  
  54  4:25  Siege Tank, SCV x2  
  59  4:33  Marine x2  
  59  4:37  SCV  
  62  4:41  Supply Depot  
  62  4:43  Engineering Bay  
  62  4:46  SCV  
  62  4:49  SCV  
  62  4:52  Stimpack  
  64  4:56  Marauder, Marine  
  64  4:57  Marine  
  64  4:58  Refinery, SCV  
  69  5:01  SCV  
  69  5:06  Factory Reactor  
  70  5:09  Terran Infantry Weapons Level 1, Supply Depot  
  70  5:10  SCV  
  71  5:16  SCV  
  71  5:18  Marauder, Combat Shield  
  74  5:21  Starport Reactor  
  74  5:22  SCV  
  74  5:25  Marauder  
  74  5:28  Supply Depot  
  76  5:30  Marine x2  
  76  5:35  Supply Depot  
  78  5:39  Marauder  
  80  5:46  Marauder  
  80  5:49  Marine x2  
  84  5:51  Widow Mine x2  
  88  5:57  Medivac x2  
  88  6:01  Marauder  
  88  6:03  Supply Depot  
  94  6:05  Supply Depot  
  94  6:08  Marauder  
  96  6:13  Widow Mine x2  
  96  6:16  Marine x2  
  102  6:25  Marauder, Supply Depot  
  104  6:27  Medivac x2  
  104  6:29  Marauder  
  110  6:34  Widow Mine x2, Marine x2  
  110  6:37  Concussive Shells  
  109  6:50  Marauder x2, Supply Depot  
  109  6:52  Marine x2  
  115  6:55  Liberator x2, Widow Mine  
  115  6:56  Widow Mine  
  115  6:59  Command Center  
  119  7:11  Marine x2  
  119  7:12  Marauder  
  129  7:26  Marauder  
  129  7:29  Marine x2  
  113  7:32  SCV x2  
  113  7:33  Marauder  
  103  7:42  Terran Infantry Armor Level 1  
  99  7:47  Marauder, Marine x2  
  93  7:54  Marauder  
  82  7:58  Medivac x2  
  82  8:02  SCV  
  82  8:05  Marine x2  
  88  8:08  Marauder  
  88  8:10  Barracks  
  90  8:16  Marauder, Barracks, Starport  
  90  8:17  SCV x2  
  90  8:19  Liberator x2  
  92  8:22  Marine  
  92  8:26  Marine  
  94  8:29  SCV x2  
  94  8:30  Marauder  
  94  8:33  Factory Tech Lab  
  98  8:37  Marauder  
  98  8:39  Liberator  
  98  8:40  Liberator, Marine  
  108  8:41  SCV x2  
  108  8:45  Orbital Command  
  109  8:53  SCV x2  
  111  8:57  Refinery x2  
  116  9:04  Marauder x2, Marine x2  
  116  9:07  SCV x2  
  116  9:09  Liberator  
  124  9:11  Barracks Reactor  
  125  9:22  Marine x2  
  123  9:24  Marine  
  123  9:25  Marauder, Marine  
  123  9:28  Liberator  
  123  9:30  Supply Depot  
  128  9:32  SCV x3  
  128  9:36  Supply Depot  
  131  9:40  Marine x2  
  131  9:42  Marine  
  131  9:43  Liberator  
  131  9:44  Marauder  
  139  9:46  Marauder  
  139  9:48  Marine x2  
  139  9:50  Liberator  
  143  9:57  Marine  
  141  10:00  Marine  
  141  10:01  Marauder  
  141  10:05  Marauder  
  141  10:06  Marine x2  
  151  10:08  Marauder  
  151  10:13  Liberator  
  156  10:15  Marine  
  156  10:18  Marine  
  156  10:20  Liberator  
  155  10:22  Marauder  
  155  10:23  Marine  
  155  10:27  Marauder  
  141  10:28  Marine  
  141  10:30  Marauder  
  141  10:33  Marine  
  139  10:36  Liberator, Marine  
  139  10:41  Marine  
  144  10:43  Marauder  
  144  10:46  Marine  
  144  10:47  Liberator  
  144  10:48  Marauder  
  147  10:51  Marine x2  
  147  10:53  Marine  
  151  10:59  Marine  
  148  11:05  Marauder  
  148  11:08  Liberator, Marine  
  148  11:09  Marauder x2, Marine  
  143  11:11  Marine  
  143  11:17  Marine  
  113  11:26  Marauder, Liberator, Marine  
  113  11:27  Liberator, Marine  
  113  11:29  Marine  
  113  11:30  Marauder  
  113  11:31  Marauder  
  117  11:35  Marine  
  115  11:44  Marine  
  115  11:45  Marine  
  123  11:47  Marine  
  123  11:48  Marauder  
  123  11:52  Marauder, Marine x2  
  133  12:02  Marine  
  133  12:03  Marine  
  133  12:05  Marine  
  139  12:09  Marauder, Marine  
  139  12:10  Marine  
  139  12:13  Marauder  

Tags
 
Add a new tag
Caveats
  • Supply blocks, unpowered buildings, or Contaminate may cause inaccurate times.
  • Supply counts are checked every 10 seconds.